 Dungeon Crawl Stone Soup version 0.17.0-73-gb648821 (webtiles) character file.

32 musteatbrain the Skirmisher (level 3, 29/29 HPs)
             Began as a Demonspawn Fighter on Dec 9, 2015.
             Got out of the dungeon alive.
             The game lasted 00:04:09 (848 turns).

musteatbrain the Skirmisher (Demonspawn Fighter)     Turns: 848, Time: 00:04:10

Health: 29/29      AC:  0    Str: 16    XL:     3   Next: 8%
Magic:  3/3        EV: 11    Int:  9    God:
Gold:   44         SH:  0    Dex: 13    Spells: 0 memorised, 2 levels left

rFire  . . .     SeeInvis .     (no weapon)
rCold  . . .     Clarity  .     (no armour)
rNeg   . . .     SustAt   .     (no shield)
rPois  .         Gourm    .     (helmet restricted)
rElec  .         Spirit   .     (no cloak)
rCorr  .         Warding  .     (no gloves)
rMut   .         Stasis   .     (no boots)
MR     .....                    (no amulet)
Stlth  +.........               (no ring)
                                (no ring)

@: not resistant to hostile enchantments, very unstealthy
A: horns 1, rot immunity
a: no special abilities


You escaped.
You were not hungry.

You visited 1 branch of the dungeon, and saw 2 of its levels.

You collected 44 gold pieces.

Inventory:

Jewellery
 k - a +2 ring of intelligence {unknown}
 q - an uncursed ring of ice {unknown}
Scrolls
 g - 5 scrolls of identify {unknown}
 h - a scroll of fear {unknown}
 i - 2 scrolls of blinking {unknown}
 l - a scroll of immolation {unknown}
 n - a scroll of teleportation {unknown}
 p - a scroll of magic mapping {unknown}
Potions
 d - a potion of might
 j - a potion of beneficial mutation {unknown}
 o - 2 potions of flight {unknown}
Comestibles
 e - 4 bread rations
 m - a fruit


   Skills:
 + Level 3.3 Fighting
   Level 2.3 Axes
 + Level 2.9 Armour
 + Level 1.0 Dodging
   Level 2.6 Shields


You had 2 spell levels left.
You didn't know any spells.

Dungeon Overview and Level Annotations

Branches:
Dungeon (2/15)

Altars:


Innate Abilities, Weirdness & Mutations

You have a pair of small horns on your head.
You are immune to rotting.


Message History

Welcome back, musteatbrain the Demonspawn Fighter.
Press ? for a list of commands and other information.
You start resting.
HP restored.
Wield which item (- for none, * to show all)? (? for menu, Esc to quit)
Okay, then.
Welcome back, musteatbrain the Demonspawn Fighter.
Press ? for a list of commands and other information.
There is a staircase leading out of the dungeon here.
You can't go down here!
Unknown command.
Are you sure you want to leave the Dungeon?
This will make you lose the game!
Alright, then stay!
You can't go down here!
Are you sure you want to leave the Dungeon?
This will make you lose the game! [Y]es or [N]o only, please.
Are you sure you want to leave the Dungeon?
This will make you lose the game!
Uppercase [Y]es or [N]o only, please.
Are you sure you want to leave the Dungeon?
This will make you lose the game!
You have escaped!

# #.# ###...............# #
#.###.#.#############.###
#.....#)#...........#.#.#######
#######...#.####.####.#.#........
........#.#.#.......#.#...#######
#########.#.#.#####.#.#.###
#.#.#.#...#.#.#.#
#.#.#.#.^.#.#.#.#
#.'.#...@.#.#.'.#
#.#.#.#...#.#.#.# ####
#.#.#.#...#.#.#.# ...##
###.#.#.#####.#.#.#
#...###...#.#.......#.#.###
......#.#.#.####.####.#...#
#...#...#.#...........#.#.#######
##.######.#############.#.....†..
##.# #...............#########


There were no monsters in sight!

Vanquished Creatures
  A worm (D:2)
  A giant gecko (D:1)
  3 ball pythons (D:1)
  A giant cockroach (D:2)
  4 goblins
  2 hobgoblins (D:1)
  6 kobolds
  3 bats
  A giant newt (D:1)
  5 rats
27 creatures vanquished.

Notes
Turn   | Place    | Note
--------------------------------------------------------------
     0 | D:1      | musteatbrain the Demonspawn Fighter began the quest for the Orb.
     0 | D:1      | Reached XP level 1. HP: 18/18 MP: 1/1
   129 | D:1      | Gained mutation: You have a pair of small horns on your head. [demonic ancestry]
   129 | D:1      | Reached XP level 2. HP: 22/24 MP: 2/2
   608 | D:2      | Reached skill level 1 in Dodging
   667 | D:2      | Gained mutation: You are immune to rotting. [demonic ancestry]
   667 | D:2      | Reached XP level 3. HP: 12/29 MP: 3/3
   848 | D:$      | Got out of the dungeon alive.

Action                   || total
-------------------------++-------
Melee: War axe           ||    64
  Use: Potion            ||     1
